 Dungeon Crawl Stone Soup version 0.21.1-1-g345015f (webtiles) character file.

291 tidbits the Insei (level 6, -9/47 HPs)
             Began as a Gnoll Transmuter on Feb 21, 2018.
             Mangled by a hornet zombie (13 damage)
             ... on level 6 of the Dungeon.
             The game lasted 00:04:07 (287 turns).

tidbits the Insei (Gnoll Transmuter)                 Turns: 287, Time: 00:04:08

Health: -9/47      AC:  2    Str: 12    XL:     6   Next: 32%
Magic:  2/23       EV: 24    Int: 18    God:
Gold:   17         SH:  0    Dex: 20    Spells: 9/15 levels left

rFire    . . .     SeeInvis .     - Unarmed
rCold    . . .     Gourm    .   (shield currently unavailable)
rNeg     . . .     Faith    .   (armour currently unavailable)
rPois    x         Spirit   .   (helmet currently unavailable)
rElec    .         Reflect  .   (cloak currently unavailable)
rCorr    .         Harm     .   (gloves currently unavailable)
MR       .....                  (boots currently unavailable)
Stlth    ++........             (no amulet)
HPRegen  0.15/turn              h - ring of magical power
MPRegen  0.18/turn              (no ring)

@: spider-form
A: tiny, distributed training, strong nose
a: End Transformation


You were on level 6 of the Dungeon.
You were not hungry.
You were a venomous arachnid creature.
You visited 1 branch of the dungeon, and saw 6 of its levels.

You collected 17 gold pieces.

Inventory:

Missiles
 a - 31 arrows
Armour
 b - a +0 robe (melded)
 f - a +0 ring mail
Jewellery
 h - a ring of magical power (left front leg)
   (You found it on level 6 of the Dungeon)
Scrolls
 e - a scroll of teleportation {unknown}
Potions
 g - a potion of curing {unknown}
Books
 c - a book of Changes

   Spells                             Type                      Level
   a - Beastly Appendage              Transmutation                1
   b - Sticks to Snakes               Transmutation                2
   c - Spider Form                    Transmutation/Poison         3
   d - Ice Form                       Ice/Transmutation            4
   e - Blade Hands                    Transmutation                5
Comestibles
 d - 2 rations


   Skills:
 + Level 3.2 Fighting
 + Level 1.8 Short Blades
 + Level 1.8 Long Blades
 + Level 1.8 Axes
 + Level 1.8 Maces & Flails
 + Level 1.8 Polearms
 + Level 1.8 Staves
 + Level 1.8 Slings
 + Level 1.8 Bows
 + Level 1.8 Crossbows
 + Level 1.8 Throwing
 + Level 1.8 Armour
 + Level 4.9 Dodging
 + Level 1.8 Stealth
 + Level 1.8 Shields
 + Level 6.8 Unarmed Combat
 + Level 5.3 Spellcasting
 + Level 1.4 Conjurations
 + Level 1.4 Hexes
 + Level 1.4 Charms
 + Level 1.4 Summonings
 + Level 1.4 Necromancy
 + Level 1.4 Translocations
 + Level 4.1 Transmutations
 + Level 1.4 Fire Magic
 + Level 1.4 Ice Magic
 + Level 1.4 Air Magic
 + Level 1.4 Earth Magic
 + Level 1.4 Poison Magic
 + Level 2.0 Invocations
 + Level 1.8 Evocations


You had 9 spell levels left.
You knew the following spells:

 Your Spells              Type           Power        Failure   Level  Hunger
e - Beastly Appendage     Tmut           ###...       9%          1    None
k - Sticks to Snakes      Tmut           ###.....     12%         2    #......
p - Spider Form           Tmut/Pois      ##........   28%         3    ##.....


Dungeon Overview and Level Annotations

Branches:
Dungeon (6/15)
 Temple: D:4-7

Altars:


Innate Abilities, Weirdness & Mutations

Your experience applies equally to all skills.
((You have very sharp teeth.))
Your uncanny sense of smell can sniff out nearby items.


Message History

The hound is severely wounded.
The hound bites you.
* * * LOW HITPOINT WARNING * * *
The jackal barely misses you.
Your adder closely misses the hound.
Your ball python bites the jackal but does no damage.
Your ball python constricts the jackal.
The jackal closely misses your ball python.
The hound completely misses you. The jackal bites you.
* * * LOW HITPOINT WARNING * * *
You barely miss the hound. You claw the hound.
The hound is almost dead.
Your adder barely misses the hound.
Your ball python bites the jackal.
Your ball python constricts the jackal.
The hound pauses to sniff the ground.
The hound bites you.
* * * LOW HITPOINT WARNING * * *
The jackal bites your ball python.
Your ball python dies!
The jackal barely misses you.
Your adder closely misses the hound.
Unknown command.
You closely miss the hound. You claw the hound, but do no damage.
The hound is almost dead.
The hound bites you.
* * * LOW HITPOINT WARNING * * *
The jackal bites you.
* * * LOW HITPOINT WARNING * * *
Your adder bites the hound.
The hound dies!
Your Invocations skill increases to level 2!
You have reached level 6!
Your experience leads to an increase in your attributes!
Increase (S)trength, (I)ntelligence, or (D)exterity?
You feel clever.
Your adder looks stronger.
The jackal completely misses you.
You barely miss the jackal. You bite the jackal.
The jackal is almost dead.
The jackal completely misses you. The jackal barely misses you.
Your adder bites the jackal.
The jackal dies!
The jackal bites you.
* * * LOW HITPOINT WARNING * * *
Your adder bites the jackal but does no damage.
There is a stone staircase leading down, spattered with blood here.
You hit the jackal.
You kill the jackal!
Your adder closely misses the jackal.
You barely miss the jackal. Your bite misses the jackal. The jackal misses you.
The jackal barely misses your adder.
Your adder bites the jackal but does no damage.
You hit the jackal.
You kill the jackal!
The jackal bites your adder.
Your adder bites the jackal.
The jackal is poisoned.
Your adder poisons the jackal!
The jackal misses you.
The jackal completely misses your adder.
You completely miss the jackal. Your kick misses the jackal.
The jackal is severely wounded.
The jackal dies!
Your adder bites the jackal but does no damage.
You hit the jackal.
You kill the jackal!
An ogre comes into view. It is wielding a giant club.
You climb downwards.
Your summoned ally is left behind.
A zombie and a howler monkey come into view.
Found an agate ring and 11 gold pieces.
There is a stone staircase leading up here.
You see here an agate ring.
h - an agate ring Put on which piece of jewellery? (? for menu, Esc to quit)
You feel your magic capacity increase.
h - a ring of magical power (left hand)
Casting: Beastly Appendage
Confirm with . or Enter, or press ? or * to list all spells.
Your talons disappear.
You turn into a venomous arachnid creature.
Your +0 robe melds into your body.
The howler monkey howls!
The howler monkey completely misses you.
Your magical contamination has completely faded away.
Unknown command.
You bite the howler monkey!
The howler monkey is poisoned.
The howler monkey is heavily wounded.
The howler monkey completely misses you.
You hit the howler monkey but do no damage.
The howler monkey looks as sick as possible!
The howler monkey is heavily wounded.
The howler monkey hoots and howls with incredible vigour!
You hear a shout!
You hear a bark!
You bite the howler monkey!
You kill the howler monkey!
Casting: Spider Form
Confirm with . or Enter, or press ? or * to list all spells.
You don't have enough magic to cast that spell.
You hit the hornet zombie but do no damage.
The hornet zombie completely misses you.
You barely miss the hornet zombie. The hornet zombie hits you!
* * * LOW HITPOINT WARNING * * *
You hit the hornet zombie but do no damage.
The hornet zombie hits you!
You die...

## . ..#...
..#..
########...###
##.....#.......
##.............#
#.......<.......
#.......Z.......
#.......s.......
#..........$....
#...............
##..............
##.............
#....###..##.#
.....# #.. #
..... ...


You could see a hornet zombie.

Vanquished Creatures
  Sigmund (D:4)
  A howler monkey (D:6)
  A bullfrog skeleton (D:3)
  2 adders
  An orc (D:3)
  A goblin (D:1)
  4 jackals (D:5)
  A bat (D:1)
  A frilled lizard (D:3)
  2 rats (D:1)
15 creatures vanquished.

Vanquished Creatures (collateral kills)
  2 hounds
  A hobgoblin (D:3)
  2 jackals (D:5)
5 creatures vanquished.

Grand Total: 20 creatures vanquished

Notes
Turn   | Place    | Note
-------+----------+-------------------------------------------
     0 | D:1      | tidbits the Gnoll Transmuter began the quest for the Orb.
     0 | D:1      | Reached XP level 1. HP: 17/17 MP: 6/6
   123 | D:3      | Reached XP level 2. HP: 21/23 MP: 5/7
   132 | D:3      | Learned a level 2 spell: Sticks to Snakes
   146 | D:3      | Reached skill level 5 in Spellcasting
   146 | D:3      | Reached skill level 1 in Invocations
   146 | D:3      | Reached XP level 3. HP: 18/28 MP: 5/9
   153 | D:3      | Learned a level 3 spell: Spider Form
   210 | D:4      | Noticed Sigmund
   217 | D:4      | Killed Sigmund
   217 | D:4      | Reached skill level 3 in Fighting
   217 | D:4      | Reached skill level 1 in Short Blades
   217 | D:4      | Reached skill level 1 in Long Blades
   217 | D:4      | Reached skill level 1 in Axes
   217 | D:4      | Reached skill level 1 in Maces & Flails
   217 | D:4      | Reached skill level 1 in Polearms
   217 | D:4      | Reached skill level 1 in Staves
   217 | D:4      | Reached skill level 1 in Slings
   217 | D:4      | Reached skill level 1 in Bows
   217 | D:4      | Reached skill level 1 in Crossbows
   217 | D:4      | Reached skill level 1 in Throwing
   217 | D:4      | Reached skill level 1 in Armour
   217 | D:4      | Reached skill level 1 in Stealth
   217 | D:4      | Reached skill level 1 in Shields
   217 | D:4      | Reached skill level 1 in Conjurations
   217 | D:4      | Reached skill level 1 in Hexes
   217 | D:4      | Reached skill level 1 in Charms
   217 | D:4      | Reached skill level 1 in Summonings
   217 | D:4      | Reached skill level 1 in Necromancy
   217 | D:4      | Reached skill level 1 in Translocations
   217 | D:4      | Reached skill level 4 in Transmutations
   217 | D:4      | Reached skill level 1 in Fire Magic
   217 | D:4      | Reached skill level 1 in Ice Magic
   217 | D:4      | Reached skill level 1 in Air Magic
   217 | D:4      | Reached skill level 1 in Earth Magic
   217 | D:4      | Reached skill level 1 in Poison Magic
   217 | D:4      | Reached skill level 1 in Evocations
   217 | D:4      | Reached XP level 4. HP: 22/35 MP: 6/11
   217 | D:4      | Reached XP level 5. HP: 26/41 MP: 6/12
   244 | D:5      | Entered Level 5 of the Dungeon
   261 | D:5      | Reached skill level 2 in Invocations
   261 | D:5      | Reached XP level 6. HP: 13/47 MP: 1/13
   286 | D:6      | HP: 4/47 [hornet zombie (10)]
   287 | D:6      | Mangled by a hornet zombie

Skill      XL: |  1  2  3  4  5 |
---------------+----------------+-----
Spellcasting   | 5 |  5.3
Invocations    | 1 2 |  2.0
Fighting       | 3 |  3.2
Short Blades   | 1 |  1.8
Long Blades    | 1 |  1.8
Axes           | 1 |  1.8
Maces & Flails | 1 |  1.8
Polearms       | 1 |  1.8
Staves         | 1 |  1.8
Slings         | 1 |  1.8
Bows           | 1 |  1.8
Crossbows      | 1 |  1.8
Throwing       | 1 |  1.8
Armour         | 1 |  1.8
Stealth        | 1 |  1.8
Shields        | 1 |  1.8
Conjurations   | 1 |  1.4
Hexes          | 1 |  1.4
Charms         | 1 |  1.4
Summonings     | 1 |  1.4
Necromancy     | 1 |  1.4
Translocations | 1 |  1.4
Transmutations | 4 |  4.1
Fire Magic     | 1 |  1.4
Ice Magic      | 1 |  1.4
Air Magic      | 1 |  1.4
Earth Magic    | 1 |  1.4
Poison Magic   | 1 |  1.4
Evocations     | 1 |  1.8
Dodging        | |  4.9
Unarmed Combat | |  6.8

Action                   |  1- 3 |  4- 6 || total
-------------------------+-------+-------++-------
Melee: Unarmed           |    32 |    25 ||    57
       Headbutt          |     3 |       ||     3
       Punch             |     2 |     1 ||     3
       Bite              |     2 |     1 ||     3
       Kick              |       |     4 ||     4
 Cast: Beastly Appendage |     4 |     1 ||     5
       Sticks to Snakes  |     2 |     3 ||     5
       Spider Form       |     1 |     1 ||     2
 Stab: Sleeping          |     1 |     1 ||     2
Armor: Robe              |     3 |       ||     3
Dodge: Dodged            |    26 |    22 ||    48

Table legend:
 A = Turns spent in this place as a percentage of turns spent in the entire game.
 B = Non-inter-level travel turns spent in this place as a percentage of non-inter-level travel turns spent in the entire game.
 C = Inter-level travel turns spent in this place as a percentage of turns spent in this place.
 D = Turns resting spent in this place as a percentage of non-inter-level travel turns spent in this place.
 E = Turns spent auto-exploring this place as a percentage of non-inter-level travel turns spent in this place.
 F = Non-inter-level travel turns spent in this place divided by the number of levels of this place that you've seen.
                   A       B       C       D       E      F
               +-------+-------+-------+-------+-------+----------------------
         Total | 100.0 | 100.0 |   0.0 |   0.0 |   0.0 |  47.8
       Dungeon | 100.0 | 100.0 |   0.0 |   0.0 |   0.0 |  47.8
               +-------+-------+-------+-------+-------+----------------------

Table legend:
 A = Kills in this place as a percentage of kills in entire the game.
 B = Kills by you in this place as a percentage of kills by you in the entire game.
 C = Kills by friends in this place as a percentage of kills by friends in the entire game.
 D = Other kills in this place as a percentage of other kills in the entire game.
 E = Experience gained in this place as a percentage of experience gained in the entire game.
 F = Experience gained in this place divided by the number of levels of this place that you have seen.
                   A       B       C       D       E      F
               +-------+-------+-------+-------+-------+----------------------
         Total | 100.0 | 100.0 | 100.0 |   N/A | 100.0 |  69.5
       Dungeon | 100.0 | 100.0 | 100.0 |   N/A | 100.0 |  69.5
               +-------+-------+-------+-------+-------+----------------------

Vault maps used:
D:1:      kennysheep_arrival_seaside, minmay_pentomino_q4
D:2:      serial_bayou, serial_bayou_pond_e, serial_bayou_shore_a,
          serial_bayou_pond_e, serial_bayou_pond_a,
          minmay_misc_feat_four_crosses, tso_metal_star
D:3:      minmay_strange_pillars, nicolae_gozag_seed_capital, uniq_jessica
D:4:      temple_statues, uniq_sigmund
D:5:      kennysheep_slugbush, first_ration
